 Dungeon Crawl Stone Soup version 0.29-a0-690-g32ab5fea29 (webtiles) character file.

Game seed: 9512857496237024956

403 1stPlace the Poker (level 6, -1/56 HPs)
             Began as a Minotaur Berserker on June 25, 2022.
             Was a Believer of Trog.
             Killed by nerve-wracking pain
             ... invoked by Grinder
              (12 damage)
             ... on level 2 of the Dungeon.
             The game lasted 00:06:28 (3359 turns).

1stPlace the Poker (Minotaur Berserker)             Turns: 3359, Time: 00:06:28

Health: -1/56      AC:  5    Str: 21    XL:     6   Next: 55%
Magic:  0/5        EV: 12    Int:  6    God:    Trog [**....]
Gold:   248        SH:  0    Dex: 10    Spells: 5/5 levels left

rFire   . . .      SeeInvis .   b - +0 trident
rCold   . . .      Faith    .   (no shield)
rNeg    . . .      Spirit   +   p - +1 leather armour {Will+}
rPois   .          Reflect  .   (helmet restricted)
rElec   .          Harm     .   j - +0 cloak
rCorr   .          Rampage  .   (no gloves)
Will    +....                   (no boots)
Stlth   +.........              m - amulet of guardian spirit
HPRegen 0.18/turn               (no ring)
MPRegen 0.09/turn               (no ring)

@: on berserk cooldown, slowed, very slow
A: horns 2, retaliatory headbutt
a: Renounce Religion, Berserk, Trog's Hand


You were on level 2 of the Dungeon.
You worshipped Trog.
Trog was pleased with you.
You visited 1 branch of the dungeon, and saw 5 of its levels.

You collected 248 gold pieces.

Inventory:

Hand Weapons
 a - a +0 spear
 b - a +0 trident (weapon)
Armour
 c - a +0 scale mail
 j - a +0 cloak (worn)
 p - a +1 leather armour of willpower (worn)
 q - a +0 ring mail
Jewellery
 m - an amulet of guardian spirit (around neck)
Wands
 o - a wand of flame (16)
 u - a wand of digging (7)
Scrolls
 e - a scroll of silence {unknown}
 f - 4 scrolls of identify
 h - 6 scrolls of poison
 n - 3 scrolls of noise {unknown}
 s - a scroll of teleportation {unknown}
 t - a scroll of enchant armour {unknown}
 w - a scroll of blinking
Potions
 d - 2 potions of berserk rage
 g - 2 potions of resistance {unknown}
 i - 3 potions of brilliance {unknown}
 k - 2 potions of curing {unknown}
 l - 3 potions of lignification {unknown}
 r - a potion of flight {unknown}
 v - a potion of attraction {unknown}


   Skills:
 + Level 5.4 Fighting
 + Level 5.4 Polearms
 + Level 4.7 Armour
 + Level 4.2 Dodging


You had 5 spell levels left.
You didn't know any spells.
Your spell library was empty.

Dungeon Overview and Level Annotations

Branches:
Dungeon (5/15)
 Temple: D:4-7

Altars:

Annotations:
D:2 Grinder
D:3 Sigmund


Innate Abilities, Weirdness & Mutations

You have a pair of horns on your head.
You reflexively headbutt those who attack you in melee.


Message History

No target in view!
No target in view!
You feel your anger nearly subside.
You are no longer berserk.
You are exhausted.
You feel yourself slow down.
Grinder zaps a wand.
The puff of flame hits you.
Grinder blinks!
There is a stone staircase leading up here.
You reach to attack!
You hit Grinder but do no damage.
Grinder is lightly wounded.
Grinder barely misses you.
You barely miss Grinder.
Grinder is lightly wounded.
You feel the effects of Trog's Hand fading.
Grinder closely misses you.
Grinder zaps a wand.
The puff of flame misses you.
Grinder zaps a wand.
The puff of flame hits you.
You barely miss Grinder.
Grinder is lightly wounded.
Grinder hits you.
You writhe in agony.
Grinder hits you. Grinder hits you!
You writhe in agony.
Grinder hits you.
* * * LOW HITPOINT WARNING * * *
You writhe in agony.
* * * LOW HITPOINT WARNING * * *
You climb upwards.
Your skin stops crawling.
You feel less strong-willed.
There is a stone staircase leading down here.
You closely miss Grinder.
Grinder is lightly wounded.
Grinder zaps a wand.
The puff of flame hits you.
* * * LOW HITPOINT WARNING * * *
The now-empty wand crumbles to dust.
Grinder gestures at you. You resist with some effort. Grinder gestures at you.
You resist with almost no effort.
It was a potion of berserk rage.
You're still recovering from your berserk rage.
Grinder gestures at you. Pain shoots through your body!
You die...

..# #..................#
..# #.###...###.###.#.##
### #.# ##.## #.......#
#######.####.####.##.##.#
#......†#...."..#.......#
#.#####.#.......#.##.##.#
#.#####.#.......#.##.##.#
#.##....#5......#.##.##.#
#.##.##.#@......#.......#
#.......#.......####>####
###.#####.).....# #.# #.#
####...#####.# #.#
#.#.......# ##.######
#...####### #......(#
##.## #..####.# #.#
#.<..##.####.#


You could see Grinder (fast).

Vanquished Creatures
  Duvessa (D:4)
  A scorpion (D:4)
  Dowan (D:4)
  A jelly (D:4)
  An iguana (D:5)
  4 adders
  2 river rats (D:3)
  2 worms
  3 dart slugs (D:2)
  4 orcs
  6 endoplasms
  9 giant cockroaches
  3 goblins (D:2)
  5 hobgoblins
  4 jackals (D:2)
  8 kobolds
  3 quokkas (D:3)
  3 ball pythons (D:1)
  5 bats
  4 frilled lizards
  5 rats
75 creatures vanquished.

Notes
Turn   | Place    | Note
-------+----------+-------------------------------------------
     0 | D:1      | 1stPlace the Minotaur Berserker began the quest for the
                  | Orb.
     0 | D:1      | Reached XP level 1. HP: 19/19 MP: 0/0
   420 | D:1      | Reached XP level 2. HP: 27/27 MP: 1/1
   520 | D:1      | Found a faded altar of an unknown god.
  1019 | D:2      | Reached XP level 3. HP: 31/33 MP: 2/2
  1334 | D:2      | Reached ** piety under Trog
  1483 | D:2      | Reached XP level 4. HP: 31/40 MP: 1/3
  1803 | D:3      | Noticed Sigmund
  2020 | D:3      | You fall into a shaft and drop 2 floors!
  2020 | D:5      | Entered Level 5 of the Dungeon
  2067 | D:4      | Noticed Dowan
  2069 | D:4      | Noticed Duvessa
  2079 | D:4      | Killed Duvessa
  2080 | D:4      | Reached XP level 5. HP: 46/47 MP: 4/4
  2081 | D:4      | Killed Dowan
  2082 | D:4      | Reached skill level 5 in Fighting
  2082 | D:4      | Reached skill level 5 in Polearms
  2214 | D:4      | Reached XP level 6. HP: 31/56 MP: 3/5
  3336 | D:3      | Noticed Grinder
  3359 | D:2      | Killed from afar by Grinder

Illustrated notes

Levels and vault maps discovered:
D:1:      lemuel_arrival_broad_hall, layout_loops_corners,
          ebering_ecumenical_altar_rust
D:2:      layout_loops_cross, nicolae_figureground_pulse
D:3:      layout_basic, gup_sewer_entry_spiral, uniq_sigmund, uniq_grinder
D:4:      layout_basic, uniq_duvessa
D:5:      layout_cave_pools, vehumet_altar_wand_db

Skill      XL: |  1  2  3  4  5 |
---------------+----------------+-----
Polearms       | 4 5 |  5.4
Fighting       | 4 5 |  5.4
Armour         | 3 4 |  4.7
Dodging        | 3 4 |  4.2

Action                   |  1- 3 |  4- 6 || total
-------------------------+-------+-------++-------
Melee: Spear             |    89 |    26 ||   115
       Headbutt          |     9 |    14 ||    23
       Punch             |     1 |     1 ||     2
       Trident           |       |    97 ||    97
Invok: Berserk           |       |     3 ||     3
       Trog's Hand       |       |     2 ||     2
  Use: Scroll            |       |     5 ||     5
       Potion            |       |     3 ||     3
 Stab: Sleeping          |     1 |     1 ||     2
Armor: Animal skin       |    14 |       ||    14
       Ring mail         |     5 |    11 ||    16
       Leather armour    |       |    26 ||    26
Dodge: Dodged            |    49 |    73 ||   122

Table legend: (Time is in decaauts)
 A = Elapsed time spent in this place.
 B = Non-inter-level travel time spent in this place.
 C = Inter-level travel time spent in this place.
 D = Time resting spent in this place.
 E = Time spent auto-exploring this place.
 F = Levels seen in this place.
 G = Mean time per level.
                   A        B        C        D        E       F      G
               +--------+--------+--------+--------+--------+-----+--------+
         Total |   3405 |   3112 |    293 |      0 |   2282 |   5 |  681.0 |
       Dungeon |   3405 |   3112 |    293 |      0 |   2282 |   5 |  681.0 |
               +--------+--------+--------+--------+--------+-----+--------+

Top non-repeatable levels by time:
     D:4: 1028 daAuts
     D:2: 1022 daAuts
     D:1: 852 daAuts
     D:3: 454 daAuts
     D:5: 47 daAuts
